 Dungeon Crawl Stone Soup version 0.31.0-9-g3a7656b989 (webtiles) character file.

Game seed: 11742246173361189280

57 qw the Shooter (level 3, 0/20 HPs)
             Began as a Deep Elf Hunter on Feb 2, 2024.
             Succumbed to an adder's poison
             ... on level 1 of the Dungeon.
             The game lasted 00:00:04 (647 turns).

qw the Shooter (Deep Elf Hunter)                     Turns: 647, Time: 00:00:04

Health: 0/20       AC:  5    Str: 16    XL:     3   Next: 73%
Magic:  5/5        EV: 11    Int: 13    God:
Gold:   76         SH:  0    Dex: 18    Spells: 2/2 levels left

rFire   . . .        a - +0 shortbow
rCold   . . .        (shield currently unavailable)
rNeg    . . .        j - +0 ring mail
rPois   .            (no helmet)
rElec   .            (no cloak)
rCorr   .            (no gloves)
SInv    .            (no boots)
Will    .....        (no amulet)
Stlth   +            i - +6 ring of strength
HPRegen 0.23/turn    (no ring)
MPRegen 0.09/turn

%: no passive effects
@: brilliant, lethally poisoned (0 -> -1)
A: no striking features
a: no special abilities


You were on level 1 of the Dungeon.
You visited 1 branch of the dungeon, and saw 2 of its levels.

You collected 76 gold pieces.


   Skills:
 - Level 1.5 Fighting
 + Level 7.2 Ranged Weapons
 - Level 2.4 Dodging
 - Level 1.2 Stealth


You had 2 spell levels left.
You didn't know any spells.
Your spell library was empty.

Inventory:

Hand Weapons
 a - a +0 shortbow (weapon)
Armour
 j - a +0 ring mail (worn)
Jewellery
 i - a +6 ring of strength (left hand)
Potions
 h - a potion of degeneration {unknown}
 k - a potion of magic {unknown}

Dungeon Overview and Level Annotations

Branches:
Dungeon (2/15)

Altars:


Message History

You shoot an arrow. The arrow closely misses the hobgoblin.
The endoplasm quivers.
635 ||| STAIRDANCE The adder closely misses you.
The hobgoblin hits you.
You climb upwards.
There is a stone staircase leading down here.
You shoot an arrow. The arrow hits the hobgoblin.
You kill the hobgoblin!
The adder bites you but does no damage. The adder closely misses you.
You shoot an arrow.
The arrow hits the adder but does no damage.
The adder misses you.
You shoot an arrow. The arrow barely misses the adder.
The adder bites you.
You are poisoned.
The adder poisons you!
You shoot an arrow.
The arrow hits the adder but does no damage.
You feel sick. The adder bites you. x2
You are more poisoned.
The adder poisons you!
You shoot an arrow. The arrow hits the adder.
The adder is heavily wounded.
You feel sick. The adder barely misses you.
You shoot an arrow. The arrow completely misses the adder.
You feel sick. The adder bites you but does no damage. The adder bites you.
643 ||| READING scroll of teleportation.
As you read the scroll of teleportation, it crumbles to dust.
You feel strangely unstable.
You feel sick. The adder closely misses you.
You shoot an arrow. The arrow hits the adder!
You kill the adder!
You feel sick.
There is a lethal amount of poison in your body!
Your surroundings suddenly seem different.
You feel sick.
There is a lethal amount of poison in your body!
You feel sick.
There is a lethal amount of poison in your body!
You die...

#..).####...%.........#........
###.###........##.#####........
###.....#.....###.# ###.#..#...
#.......)..#......###......##..
#......##..##.###.........#####
#.........###.###...##....#
#.......#.# #.##.....#....#
#####.....# #....##....)..#
#.##.####.@.###.......##
##.##...##........#.....#
#.....#.##.......##.....#
#######.##..............####
#.##.......#..........
##..........#....#.....
#...##############.#### #...#
#..... #...# ######


There were no monsters in sight!

Vanquished Creatures
  A gnoll (D:1)
  An adder (D:1)
  A dart slug (D:1)
  3 endoplasms (D:1)
  A giant cockroach (D:1)
  5 goblins (D:1)
  7 hobgoblins (D:1)
  3 kobolds (D:1)
  2 quokkas (D:1)
  2 ball pythons (D:1)
  4 bats (D:1)
  2 frilled lizards (D:1)
  A rat (D:1)
33 creatures vanquished.

Notes
Turn   | Place    | Note
-------+----------+-------------------------------------------
     0 | D:1      | qw the Deep Elf Hunter began the quest for the Orb.
     0 | D:1      | Reached XP level 1. HP: 12/12 MP: 3/3
     0 | D:1      | 0 ||| qw: Version: 0.3-a-155-g5e7d8dd
     0 | D:1      | 0 ||| qw: Game counter: 1597
     0 | D:1      | 0 ||| qw: Melee chars always use a shield: true
     0 | D:1      | 0 ||| qw: God list: Okawaru
     0 | D:1      | 0 ||| qw: Allow faded altars: false
     0 | D:1      | 0 ||| qw: Do Orc after clearing Dungeon:15 true
     0 | D:1      | 0 ||| qw: Do second Lair branch before Depths: true
     0 | D:1      | 0 ||| qw: Lair rune preference: random
     0 | D:1      | 0 ||| qw: Goals: Normal
     0 | D:1      | 0 ||| PLANNING D:1-11
     2 | D:1      | Noticed a spriggan
     2 | D:1      | Noticed a troll
     6 | D:1      | Noticed a minotaur
     8 | D:1      | Noticed a djinni
     8 | D:1      | Noticed an elf
    10 | D:1      | Noticed a formicid
    10 | D:1      | Noticed a demigod
    12 | D:1      | Noticed a vampire
    12 | D:1      | Noticed a gargoyle
    14 | D:1      | Noticed a felid
    14 | D:1      | Noticed an oni
    16 | D:1      | Noticed a tengu
    16 | D:1      | Noticed a demonspawn
    18 | D:1      | Noticed a merfolk
    18 | D:1      | Noticed a vine stalker
    20 | D:1      | Noticed a human
    20 | D:1      | Noticed a draconian
    22 | D:1      | Noticed an armataur
    22 | D:1      | Noticed a barachi
    24 | D:1      | Noticed a ghoul
    24 | D:1      | Noticed a naga
    26 | D:1      | Noticed an octopode
    50 | D:1      | Reached skill level 6 in Ranged Weapons
    50 | D:1      | Reached XP level 2. HP: 13/16 MP: 4/4
   291 | D:1      | Reached XP level 3. HP: 20/20 MP: 5/5
   521 | D:1      | Reached skill level 7 in Ranged Weapons
   591 | D:1      | 591 ||| UPGRADING to +0 ring mail.
   601 | D:1      | 601 ||| DROPPING +0 leather armour.
   602 | D:1      | 602 ||| UPGRADING to +6 ring of strength.
   603 | D:1      | 603 ||| READING scroll labelled PESTENGEAZ.
   603 | D:1      | 603 ||| IDENTIFYING sedimented black potion
   604 | D:1      | 604 ||| READING 2 scrolls labelled NEYVOERUNI.
   607 | D:1      | 607 ||| READING scroll labelled HINOSU INTUBA.
   608 | D:1      | 608 ||| READING scroll labelled FICZES IDESOSM.
   609 | D:1      | 609 ||| READING scroll labelled CEUGOB SOTORHA.
   610 | D:1      | 610 ||| DRINKING 2 pink potions.
   611 | D:1      | 611 ||| DROPPING scroll of butterflies.
   612 | D:1      | 612 ||| DROPPING potion of lignification.
   613 | D:1      | 613 ||| DROPPING potion of brilliance.
   635 | D:2      | 635 ||| STAIRDANCE
   642 | D:1      | HP: 4/20 [adder (3)]
   643 | D:1      | 643 ||| READING scroll of teleportation.
   646 | D:1      | HP: 1/20 [poisoned by an adder]
   647 | D:1      | Succumbed to an adder's poison

Levels and vault maps discovered:
D:1:      kb_arrival_jail, layout_rooms, dk_noncrumbling_3
D:2:      layout_rooms, minivault_14, grunt_decor_clamped, uniq_terence

Skill      XL: |  1  2  3 |
---------------+----------+-----
Ranged Weapons | 6 7 |  7.2
Fighting       | |  1.5
Dodging        | |  2.4
Stealth        | |  1.2

Action                     || total
---------------------------++-------
   Fire: Shortbow          ||   111
    Use: Scroll            ||     6
         Potion            ||     1
 Armour: Leather armour    ||    36
         Ring mail         ||     7
  Dodge: Dodged            ||    29

Table legend:
 A = Non-vault XP
 B = Vault XP
 C = Vault XP percentage of total XP
 D = Non-vault monster count
 E = Vault monster count
 F = Vault count percentage of total count
                 A         B        C        D         E       F
            +---------+---------+-------+---------+---------+-------
      Total |      82 |       0 |   0.0 |      33 |       0 |   0.0
            +---------+---------+-------+---------+---------+-------
        D:1 |      82 |       0 |   0.0 |      33 |       0 |   0.0
            +---------+---------+-------+---------+---------+-------
